 Dungeon Crawl Stone Soup version 0.29-a0-557-g43b9904bd1 (webtiles) character file.

Game seed: 13064335429594867666

129 testman the Insei (level 5, 0/46 HPs)
             Began as a Meteoran Wanderer on June 8, 2022.
             Was an Initiate of Hepliaklqana.
             Slain by a quokka (2 damage)
             ... on level 3 of the Dungeon.
             The game lasted 00:08:23 (1052 turns).

testman the Insei (Meteoran Wanderer)               Turns: 1052, Time: 00:08:25

Health: 0/46       AC:  5    Str: 11    XL:     5   Next: 62%
Magic:  6/6        EV: 13    Int: 12    God:    Hepliaklqana [......]
Gold:   112        SH:  0    Dex: 19    Spells: 4/4 levels left

rFire   . . .      SeeInvis .   a - +0 shortbow
rCold   . . .      Faith    .   (shield currently unavailable)
rNeg    . . .      Spirit   .   e - +0 robe
rPois   .          Reflect  .   d - +1 helmet
rElec   .          Harm     .   (no cloak)
rCorr   .          Rampage  .   h - +0 pair of gloves
Will    .....                   (no boots)
Stlth   +.........              (no amulet)
HPRegen 0.15/turn               s - +4 ring of slaying
MPRegen 0.10/turn               (no ring)

@: mighty, glowing
A: sense surroundings 1, otherworldly, glowing, explore regen
a: Renounce Religion


You were on level 3 of the Dungeon.
You worshipped Hepliaklqana.
Hepliaklqana was noncommittal.
You visited 2 branches of the dungeon, and saw 5 of its levels.

You collected 112 gold pieces.

Inventory:

Hand Weapons
 a - a +0 shortbow (weapon)
Missiles
 k - 3 javelins
 p - a throwing net
Armour
 d - a +1 helmet (worn)
 e - a +0 robe (worn)
 h - a +0 pair of gloves (worn)
Jewellery
 s - a +4 ring of slaying (left hand)
Scrolls
 l - 2 scrolls of identify
 o - a scroll of noise {unknown}
 q - a scroll of amnesia {unknown}
 r - a scroll of enchant weapon {unknown}
Potions
 b - 2 potions of berserk rage
 c - 2 potions of haste
 f - 2 potions of curing
 i - a potion of flight {unknown}
 j - a potion of degeneration {unknown}
 n - a potion of might


   Skills:
 + Level 3.7 Fighting
 + Level 3.7 Bows
 - Level 1.2 Armour
 - Level 2.4 Dodging
 - Level 4.8 Unarmed Combat
 - Level 1.2 Evocations


You had 4 spell levels left.
You didn't know any spells.
Your spell library was empty.

Dungeon Overview and Level Annotations

Branches:
Dungeon (4/15)             Temple (1/1) D:4

Altars:
Ashenzari
Cheibriados
Dithmenos
Fedhas
Hepliaklqana
Makhleb
Qazlal
Ru
Sif Muna
Trog
Uskayaw
Vehumet
Wu Jian
Yredelemnul
Zin
The Shining One

Portals:
Abyss: D:4

Annotations:
D:4 1 transporter, DocClef's ghost, weakling GnDe


Innate Abilities, Weirdness & Mutations

You passively map a small area around you.
You are easily found by Zot.
You glow in the dark.
You regain HP and MP as you explore.


Message History

* * * LOW HITPOINT WARNING * * *
The orc attacks as you move away! The orc hits you but does no damage.
The quokka attacks as you move away! The quokka completely misses you.
The quokka attacks as you move away! The quokka bites you.
* * * LOW HITPOINT WARNING * * *
The quokka bites you.
* * * LOW HITPOINT WARNING * * *
The quokka attacks as you move away! The quokka bites you.
* * * LOW HITPOINT WARNING * * *
The quokka attacks as you move away! The quokka completely misses you.
An iguana comes into view.
The iguana hisses angrily.
The quokka attacks as you move away!
The quokka bites you but does no damage.
The iguana attacks as you move away! The iguana closely misses you.
The quokka bites you.
* * * LOW HITPOINT WARNING * * *
Okay, then.
The quokka attacks as you move away! The quokka completely misses you.
The quokka attacks as you move away!
The quokka bites you but does no damage.
The quokka attacks as you move away! The quokka completely misses you.
The quokka bites you.
* * * LOW HITPOINT WARNING * * *
The quokka attacks as you move away! The quokka barely misses you.
The quokka attacks as you move away! The quokka bites you.
* * * LOW HITPOINT WARNING * * *
The quokka barely misses you.
There is a stone staircase leading up here.
The quokka bites you.
* * * LOW HITPOINT WARNING * * *
You climb upwards.
Reactivating autopickup.
There is a stone staircase leading down here.
Shoot: a) +0 shortbow
Press: ? - help, Q - select action, (/) - cycle Shift-Dir - straight line, f - quokka
Aim: a quokka (58% to hit)
You shoot an arrow. The arrow barely misses the quokka.
The quokka bites you.
You die...

#######
#.....#
#.###.#
#.###.#######
#............
##..r..#######
##...@...##
#......[..# ,*
#.........# ,
#.........# *
##.......##
##.....##
##...## ##.##
, #.#** *


You could see a quokka.

Vanquished Creatures
  An orc priest (D:4)
  4 gnolls (D:4)
  2 adders
  A worm (D:2)
  A dart slug (D:1)
  An orc (D:3)
  3 ball pythons
  3 endoplasms
  5 giant cockroaches
  3 hobgoblins
  2 kobolds (D:1)
  5 quokkas
  2 bats
  2 frilled lizards
  2 goblins
37 creatures vanquished.

Vanquished Creatures (others)
  6 plants
6 creatures vanquished.

Grand Total: 43 creatures vanquished

Notes
Turn   | Place    | Note
-------+----------+-------------------------------------------
     0 | D:1      | testman the Meteoran Wanderer began the quest for the Orb.
     0 | D:1      | testman set off with the following items: a +0 shortbow, 2
                  | potions of berserk rage, a potion of haste, a +0 helmet, a
                  | +0 robe
     0 | D:1      | Reached XP level 1. HP: 16/16 MP: 2/2
   148 | D:1      | Reached XP level 2. HP: 20/24 MP: 3/3
   222 | D:1      | Reached XP level 3. HP: 29/29 MP: 4/4
   618 | D:3      | Reached XP level 4. HP: 37/37 MP: 5/5
   723 | D:4      | Reached XP level 5. HP: 21/45 MP: 6/6
   786 | D:4      | Found a staircase to the Ecumenical Temple.
   801 | Temple   | Entered the Ecumenical Temple
   924 | Temple   | Became a worshipper of Hepliaklqana the Forgotten
   979 | D:4      | Noticed a kobold brigand
   980 | D:4      | Found a transporter.
   983 | D:4      | Found a transporter.
  1020 | D:4      | Noticed DocClef's ghost (weakling GnDe)
  1020 | D:4      | Found a one-way gate to the infinite horrors of the Abyss.
  1022 | D:4      | Noticed a small abomination
  1026 | D:4      | Identified the amulet of the Several Youths {Reflect rF+
                  | SH+5 Stlth+}
  1050 | D:4      | HP: 2/46 [quokka (3)]
  1052 | D:3      | Slain by a quokka

Illustrated notes

Levels and vault maps discovered:
D:1:      eino_arrival_water_cross, layout_basic
D:2:      layout_basic, ebering_ecumenical_altar_hall, serial_forest,
          infiniplex_forest_straight_5, infiniplex_forest_lined_corner,
          infiniplex_forest_end_3, infiniplex_forest_lined_2,
          infiniplex_forest_end_3, infiniplex_forest_split,
          infiniplex_forest_clump_long
D:3:      layout_loops_corners
D:4:      layout_rooms, minmay_temple_entry_proselytizer,
          gammafunk_ghost_abyssal_escape, serial_curves, eino_curves_02,
          eino_curves_04, eino_curves_03, nicolae_figureground_pulse
Temple:   eino_temple_scatter_basement

Skill      XL: |  1  2  3  4 |
---------------+-------------+-----
Fighting       | 2 3 |  3.7
Bows           | 2 3 |  3.7
Armour         | |  1.2
Dodging        | |  2.4
Unarmed Combat | |  4.8
Evocations     | |  1.2

Action                   |  1- 3 |  4- 6 || total
-------------------------+-------+-------++-------
 Fire: Shortbow          |    89 |    47 ||   136
  Use: Scroll            |       |     3 ||     3
       Potion            |       |     2 ||     2
Armor: Robe              |    14 |     6 ||    20
Dodge: Dodged            |    21 |    40 ||    61

Table legend: (Time is in decaauts)
 A = Elapsed time spent in this place.
 B = Non-inter-level travel time spent in this place.
 C = Inter-level travel time spent in this place.
 D = Time resting spent in this place.
 E = Time spent auto-exploring this place.
 F = Levels seen in this place.
 G = Mean time per level.
                   A        B        C        D        E       F      G
               +--------+--------+--------+--------+--------+-----+--------+
         Total |   1103 |   1073 |     30 |      0 |    569 |   5 |  220.6 |
       Dungeon |    961 |    954 |      7 |      0 |    484 |   4 |  240.2 |
        Temple |    141 |    118 |     23 |      0 |     85 |   1 |  141.0 |
               +--------+--------+--------+--------+--------+-----+--------+

Top non-repeatable levels by time:
     D:1: 297 daAuts
     D:3: 285 daAuts
     D:4: 197 daAuts
     D:2: 181 daAuts
  Temple: 141 daAuts
